% Time on Ice - REGINA FALCONS
Lines # - Real PCT - Wanted PCT - Time Play
Normal Forward
1 - 27% - 36% - 13:12
2 - 31% - 31% - 15:35
3 - 17% - 23% - 8:39
4 - 25% - 10% - 12:20
Normal Defense
1 - 34% - 36% - 16:59
2 - 33% - 31% - 16:23
3 - 29% - 23% - 14:22
4 - 4% - 10% - 2:02
PP Forward
1 - 47% - 55% - 0:56
2 - 53% - 45% - 1:03
PP Defense
1 - 47% - 55% - 0:56
2 - 53% - 45% - 1:03
PK Forward
1 - 60% - 55% - 4:57
2 - 40% - 45% - 3:18
PK Defense
1 - 50% - 55% - 4:06
2 - 50% - 45% - 4:09
PK3 Forward
1 - 0% - 55%
2 - 0% - 45%
PK3 Defense
1 - 0% - 55%
2 - 0% - 45%
44 Forward
1 - 0% - 55%
2 - 0% - 45%
44 Defense
1 - 0% - 55%
2 - 0% - 45%
Last Minute Offensive  - 0:00
Last Minute Defensive  - 0:00
Total
Forward - 60:00
Defense - 60:00
% Time on Ice - NORTH DAKOTA HAWKS
Lines # - Real PCT - Wanted PCT - Time Play
Normal Forward
1 - 31% - 31% - 15:11
2 - 32% - 31% - 16:02
3 - 23% - 23% - 11:24
4 - 14% - 15% - 7:09
Normal Defense
1 - 40% - 42% - 20:09
2 - 38% - 36% - 18:51
3 - 12% - 12% - 5:50
4 - 10% - 10% - 4:56
PP Forward
1 - 57% - 65% - 4:41
2 - 43% - 35% - 3:34
PP Defense
1 - 57% - 65% - 4:41
2 - 43% - 35% - 3:34
PK Forward
1 - 71% - 55% - 1:25
2 - 29% - 45% - 0:34
PK Defense
1 - 43% - 55% - 0:51
2 - 57% - 45% - 1:08
PK3 Forward
1 - 0% - 55%
2 - 0% - 45%
PK3 Defense
1 - 0% - 55%
2 - 0% - 45%
44 Forward
1 - 0% - 55%
2 - 0% - 45%
44 Defense
1 - 0% - 55%
2 - 0% - 45%
Last Minute Offensive  - 0:00
Last Minute Defensive  - 0:00
Total
Forward - 60:00
Defense - 60:00
Play-by-Play 1st period 0:01 of 1st period - Jack Hughes wins face-off versus Rickard Rakell in neutral zone. 0:37 of 1st period - Rickard Rakell is hit by Cale Makar and loses puck. 1:12 of 1st period - Icing by Alexander Kerfoot. 1:13 of 1st period - Nick Suzuki wins face-off versus Alexander Kerfoot in REGINA FALCONS zone. 2:26 of 1st period - Shot by Frederick Gaudreau. 2:26 of 1st period - Goal by Frederick Gaudreau - REGINA FALCONS : 0 - NORTH DAKOTA HAWKS : 1. 2:27 of 1st period - Rickard Rakell wins face-off versus Beck Malenstyn in neutral zone. 2:51 of 1st period - Icing by Justin Danforth. 2:52 of 1st period - Sammy Walker wins face-off versus Nico Sturm in NORTH DAKOTA HAWKS zone. 2:52 of 1st period - Sammy Walker is hit by Cale Makar. 3:40 of 1st period - Shot by Nick Foligno. 3:40 of 1st period - Shot Misses the Net. 3:42 of 1st period - Shot by Erik Johnson. 3:42 of 1st period - Stopped by Craig Anderson with a rebound. 3:48 of 1st period - Shot by Frederick Gaudreau. 3:48 of 1st period - Deflect By Nick Foligno. 3:48 of 1st period - Stopped by Craig Anderson without a rebound. 3:49 of 1st period - Rickard Rakell wins face-off versus Nick Suzuki in REGINA FALCONS zone. 4:25 of 1st period - Shot by Reyley Smith. 4:25 of 1st period - Stopped by Craig Anderson without a rebound. 4:26 of 1st period - Jack Hughes wins face-off versus Alexander Kerfoot in REGINA FALCONS zone. 6:41 of 1st period - Shot by Jake DeBrusk. 6:41 of 1st period - Shot Misses the Net. 6:43 of 1st period - Shot by Jake DeBrusk. 6:43 of 1st period - Stopped by Craig Anderson without a rebound. 6:44 of 1st period - Nico Sturm wins face-off versus Alexander Kerfoot in REGINA FALCONS zone. 6:53 of 1st period - Shot by Justin Danforth. 6:53 of 1st period - Stopped by Craig Anderson with a rebound. 6:55 of 1st period - Shot by Mathew Dumba. 6:55 of 1st period - Stopped by Craig Anderson with a rebound. 6:57 of 1st period - Shot by Beck Malenstyn. 6:57 of 1st period - Stopped by Craig Anderson without a rebound. 6:58 of 1st period - Jack Hughes wins face-off versus Sammy Walker in REGINA FALCONS zone. 7:05 of 1st period - Shot by Jack Hughes. 7:05 of 1st period - Stopped by Craig Anderson without a rebound. 7:06 of 1st period - Rickard Rakell wins face-off versus Nick Suzuki in REGINA FALCONS zone. 7:21 of 1st period - Icing by Pierre-Olivier Joseph. 7:22 of 1st period - Frederick Gaudreau wins face-off versus Rickard Rakell in REGINA FALCONS zone. 7:35 of 1st period - Shot by Garnet Hathaway. 7:35 of 1st period - Shot Misses the Net. 7:37 of 1st period - Shot by Cale Makar. 7:37 of 1st period - Shot Blocked by Marco Scandella. 7:39 of 1st period - Shot by Frederick Gaudreau. 7:39 of 1st period - Stopped by Craig Anderson without a rebound. 7:40 of 1st period - Jack Hughes wins face-off versus Alexander Kerfoot in REGINA FALCONS zone. 7:45 of 1st period - Shot by Ryan Hartman. 7:45 of 1st period - Shot Misses the Net. 7:53 of 1st period - Shot by Dominik Kubalik. 7:53 of 1st period - Shot Misses the Net. 7:57 of 1st period - Shot by Alexander Kerfoot. 7:57 of 1st period - Stopped by Linus Ullmark without a rebound. 7:58 of 1st period - Nick Suzuki wins face-off versus Rickard Rakell in NORTH DAKOTA HAWKS zone. 8:08 of 1st period - Shot by Andrei Kuzmenko. 8:08 of 1st period - Stopped by Linus Ullmark without a rebound. 8:09 of 1st period - Nico Sturm wins face-off versus Alexander Kerfoot in NORTH DAKOTA HAWKS zone. 8:09 of 1st period - Nico Sturm is hit by Patric Hornqvist. 8:20 of 1st period - Shot by Beck Malenstyn. 8:20 of 1st period - Shot Misses the Net. 8:28 of 1st period - Shot by Nico Sturm. 8:28 of 1st period - Stopped by Craig Anderson without a rebound. 8:29 of 1st period - Rickard Rakell wins face-off versus Reyley Smith in REGINA FALCONS zone. 8:31 of 1st period - Icing by John Klingberg. 8:32 of 1st period - Jack Hughes wins face-off versus Andrei Kuzmenko in REGINA FALCONS zone. 8:40 of 1st period - Minor Penalty to Zach Bogosian for Hooking. 8:41 of 1st period - Rickard Rakell wins face-off versus Nick Suzuki in REGINA FALCONS zone. 9:00 of 1st period - Shot by Nick Suzuki. 9:00 of 1st period - Shot Misses the Net. 9:06 of 1st period - Shot by Nick Suzuki. 9:06 of 1st period - Shot Misses the Net. 9:08 of 1st period - Shot by Jonas Siegenthaler. 9:08 of 1st period - Shot Misses the Net. 9:12 of 1st period - Shot by Nick Suzuki. 9:12 of 1st period - Shot Blocked by Marco Scandella. 9:14 of 1st period - Shot by Cale Makar. 9:14 of 1st period - Stopped by Craig Anderson with a rebound. 9:16 of 1st period - Shot by Reyley Smith. 9:16 of 1st period - Shot Misses the Net. 9:18 of 1st period - Shot by Cale Makar. 9:18 of 1st period - Stopped by Craig Anderson without a rebound. 9:19 of 1st period - Dominik Kubalik wins face-off versus Frederick Gaudreau in REGINA FALCONS zone. 9:36 of 1st period - Shot by Jack Hughes. 9:36 of 1st period - Shot Misses the Net. 9:38 of 1st period - Shot by Damon Severson. 9:38 of 1st period - Shot Misses the Net. 9:42 of 1st period - Shot by Frederick Gaudreau. 9:42 of 1st period - Stopped by Craig Anderson with a rebound. 9:44 of 1st period - Shot by Ryan Hartman. 9:44 of 1st period - Goal by Ryan Hartman - REGINA FALCONS : 0 - NORTH DAKOTA HAWKS : 2. 9:45 of 1st period - Rickard Rakell wins face-off versus Nico Sturm in neutral zone. 9:48 of 1st period - Shot by John Klingberg. 9:48 of 1st period - Stopped by Linus Ullmark without a rebound. 9:49 of 1st period - Nick Suzuki wins face-off versus Rickard Rakell in NORTH DAKOTA HAWKS zone. 9:49 of 1st period - Nick Suzuki is hit by Max Jones. 10:23 of 1st period - Shot by Andrei Kuzmenko. 10:23 of 1st period - Deflect By Rickard Rakell. 10:23 of 1st period - Stopped by Linus Ullmark with a rebound. 10:29 of 1st period - Shot by Rickard Rakell. 10:29 of 1st period - Shot Misses the Net. 11:24 of 1st period - Shot by Jeff Malott. 11:24 of 1st period - Stopped by Linus Ullmark without a rebound. 11:25 of 1st period - Sammy Walker wins face-off versus Jack Hughes in NORTH DAKOTA HAWKS zone. 11:48 of 1st period - Shot by Pavol Regenda. 11:48 of 1st period - Stopped by Linus Ullmark without a rebound. 11:49 of 1st period - Frederick Gaudreau wins face-off versus Rickard Rakell in NORTH DAKOTA HAWKS zone. 12:45 of 1st period - Icing by Dominik Kubalik. 12:46 of 1st period - Alexander Kerfoot wins face-off versus Jack Hughes in REGINA FALCONS zone. 12:46 of 1st period - Alexander Kerfoot is hit by Ryan Hartman. 12:53 of 1st period - Jack Hughes is hit by Zach Bogosian and loses puck. 13:31 of 1st period - Jason Robertson is hit by Zach Bogosian and loses puck. 13:47 of 1st period - Minor Penalty to Dominik Kubalik for Hooking. 13:48 of 1st period - Nick Suzuki wins face-off versus Rickard Rakell in REGINA FALCONS zone. 13:56 of 1st period - Jake DeBrusk is hit by Pierre-Olivier Joseph and loses puck. 14:19 of 1st period - Shot by Cale Makar. 14:19 of 1st period - Stopped by Craig Anderson without a rebound. 14:20 of 1st period - Rickard Rakell wins face-off versus Frederick Gaudreau in REGINA FALCONS zone. 15:18 of 1st period - Shot by Cale Makar. 15:18 of 1st period - Shot Blocked by Pierre-Olivier Joseph. 15:20 of 1st period - Shot by Jonas Siegenthaler. 15:20 of 1st period - Stopped by Craig Anderson without a rebound. 15:21 of 1st period - Jeff Malott wins face-off versus Nick Suzuki in REGINA FALCONS zone. 15:53 of 1st period - Minor Penalty to Logan Stanley for Slashing. 15:54 of 1st period - Jake DeBrusk wins face-off versus Rickard Rakell in REGINA FALCONS zone. 16:59 of 1st period - Shot by Ryan Hartman. 16:59 of 1st period - Stopped by Craig Anderson without a rebound. 17:00 of 1st period - Frederick Gaudreau wins face-off versus Rickard Rakell in REGINA FALCONS zone. 17:03 of 1st period - Shot by Jack Hughes. 17:03 of 1st period - Shot Misses the Net. 17:05 of 1st period - Shot by Jason Robertson. 17:05 of 1st period - Stopped by Craig Anderson with a rebound. 17:07 of 1st period - Shot by Damon Severson. 17:07 of 1st period - Goal by Damon Severson - REGINA FALCONS : 0 - NORTH DAKOTA HAWKS : 3. 17:08 of 1st period - Nico Sturm wins face-off versus Sammy Walker in neutral zone. 17:21 of 1st period - Shot by Beck Malenstyn. 17:21 of 1st period - Stopped by Craig Anderson without a rebound. 17:22 of 1st period - Jack Hughes wins face-off versus Rickard Rakell in REGINA FALCONS zone. 17:39 of 1st period - Shot by Jason Robertson. 17:39 of 1st period - Stopped by Craig Anderson without a rebound. 17:40 of 1st period - Nick Suzuki wins face-off versus Sammy Walker in REGINA FALCONS zone. 17:43 of 1st period - Shot by Jake DeBrusk. 17:43 of 1st period - Shot Misses the Net. 18:00 of 1st period - Icing by Ryker Evans. 18:01 of 1st period - Frederick Gaudreau wins face-off versus Sammy Walker in REGINA FALCONS zone. 18:13 of 1st period - Shot by Frederick Gaudreau. 18:13 of 1st period - Shot Misses the Net. 18:49 of 1st period - Shot by Rickard Rakell. 18:49 of 1st period - Shot Misses the Net. 19:36 of 1st period - Shot by Dominik Kubalik. 19:36 of 1st period - Deflect By Alexander Kerfoot. 19:36 of 1st period - Stopped by Linus Ullmark with a rebound. Goals for this period are 0 for REGINA FALCONS vs 3 for NORTH DAKOTA HAWKS. Shots for this period are 7 for REGINA FALCONS vs 22 for NORTH DAKOTA HAWKS. 2nd period 0:01 of 2nd period - Rickard Rakell wins face-off versus Nick Suzuki in neutral zone. 1:20 of 2nd period - Jack Hughes is hit by Pierre-Olivier Joseph and loses puck. 1:29 of 2nd period - Shot by Jason Robertson. 1:29 of 2nd period - Stopped by Craig Anderson with a rebound. 1:40 of 2nd period - Jason Robertson is hit by Marco Scandella and loses puck. 2:11 of 2nd period - Shot by Sammy Walker. 2:11 of 2nd period - Stopped by Linus Ullmark without a rebound. 2:12 of 2nd period - Frederick Gaudreau wins face-off versus Rickard Rakell in NORTH DAKOTA HAWKS zone. 3:13 of 2nd period - Shot by Reyley Smith. 3:13 of 2nd period - Stopped by Craig Anderson with a rebound. 3:15 of 2nd period - Shot by Erik Johnson. 3:15 of 2nd period - Stopped by Craig Anderson without a rebound. 3:16 of 2nd period - Sammy Walker wins face-off versus Jack Hughes in REGINA FALCONS zone. 3:18 of 2nd period - Icing by Pavol Regenda. 3:19 of 2nd period - Nick Suzuki wins face-off versus Sammy Walker in REGINA FALCONS zone. 3:20 of 2nd period - Shot by Reyley Smith. 3:20 of 2nd period - Shot Blocked by Ryker Evans. 3:22 of 2nd period - Shot by Nick Suzuki. 3:22 of 2nd period - Shot Misses the Net. 3:24 of 2nd period - Shot by Reyley Smith. 3:24 of 2nd period - Stopped by Craig Anderson without a rebound. 3:25 of 2nd period - Nick Suzuki wins face-off versus Sammy Walker in REGINA FALCONS zone. 3:30 of 2nd period - Shot by Jake DeBrusk. 3:30 of 2nd period - Stopped by Craig Anderson without a rebound. 3:31 of 2nd period - Sammy Walker wins face-off versus Nick Suzuki in REGINA FALCONS zone. 3:45 of 2nd period - Shot by Jake DeBrusk. 3:45 of 2nd period - Shot Blocked by Logan Stanley. 4:00 of 2nd period - Shot by Jake DeBrusk. 4:00 of 2nd period - Shot Misses the Net. 4:04 of 2nd period - Shot by Nick Suzuki. 4:04 of 2nd period - Stopped by Craig Anderson without a rebound. 4:05 of 2nd period - Rickard Rakell wins face-off versus Jack Hughes in REGINA FALCONS zone. 4:05 of 2nd period - Rickard Rakell is hit by Ryan Hartman. 4:10 of 2nd period - Andrei Kuzmenko is hit by Cale Makar and loses puck. 4:15 of 2nd period - Shot by Andrei Kuzmenko. 4:15 of 2nd period - Stopped by Linus Ullmark without a rebound. 4:16 of 2nd period - Nico Sturm wins face-off versus Rickard Rakell in NORTH DAKOTA HAWKS zone. 4:49 of 2nd period - Shot by Justin Danforth. 4:49 of 2nd period - Stopped by Craig Anderson without a rebound. 4:50 of 2nd period - Alexander Kerfoot wins face-off versus Jack Hughes in REGINA FALCONS zone. 4:55 of 2nd period - Shot by Jason Robertson. 4:55 of 2nd period - Shot Blocked by Dominik Kubalik. 5:17 of 2nd period - Shot by Dominik Kubalik. 5:17 of 2nd period - Shot Blocked by Ryan Lindgren. 5:43 of 2nd period - Icing by Pierre-Olivier Joseph. 5:44 of 2nd period - Nick Suzuki wins face-off versus Alexander Kerfoot in REGINA FALCONS zone. 5:44 of 2nd period - Nick Suzuki is hit by Marco Scandella. 5:48 of 2nd period - Shot by Nick Suzuki. 5:48 of 2nd period - Stopped by Craig Anderson without a rebound. 5:49 of 2nd period - Rickard Rakell wins face-off versus Frederick Gaudreau in REGINA FALCONS zone. 5:58 of 2nd period - Shot by Andrei Kuzmenko. 5:58 of 2nd period - Shot Misses the Net. 6:03 of 2nd period - Off-side. 6:04 of 2nd period - Rickard Rakell wins face-off versus Nick Suzuki in neutral zone. 6:18 of 2nd period - Shot by Nick Suzuki. 6:18 of 2nd period - Shot Blocked by Logan Stanley. 6:20 of 2nd period - Shot by Erik Johnson. 6:20 of 2nd period - Goal by Erik Johnson - REGINA FALCONS : 0 - NORTH DAKOTA HAWKS : 4. 6:21 of 2nd period - Frederick Gaudreau wins face-off versus Sammy Walker in neutral zone. 6:28 of 2nd period - Shot by Frederick Gaudreau. 6:28 of 2nd period - Stopped by Craig Anderson with a rebound. 6:32 of 2nd period - Shot by Frederick Gaudreau. 6:32 of 2nd period - Shot Misses the Net. 6:34 of 2nd period - Shot by Cale Makar. 6:34 of 2nd period - Shot Misses the Net. 6:36 of 2nd period - Shot by Nick Foligno. 6:36 of 2nd period - Stopped by Craig Anderson without a rebound. 6:37 of 2nd period - Reyley Smith wins face-off versus Rickard Rakell in REGINA FALCONS zone. 8:00 of 2nd period - Shot by Jack Hughes. 8:00 of 2nd period - Shot Misses the Net. 8:02 of 2nd period - Shot by Ryan Hartman. 8:02 of 2nd period - Stopped by Craig Anderson without a rebound. 8:03 of 2nd period - Alexander Kerfoot wins face-off versus Nick Foligno in REGINA FALCONS zone. 8:03 of 2nd period - Alexander Kerfoot is hit by Garnet Hathaway. 8:09 of 2nd period - Shot by Alexander Kerfoot. 8:09 of 2nd period - Shot Misses the Net. 8:11 of 2nd period - Shot by Dominik Kubalik. 8:11 of 2nd period - Shot Misses the Net. 8:13 of 2nd period - Shot by John Klingberg. 8:13 of 2nd period - Stopped by Linus Ullmark without a rebound